 Dungeon Crawl Stone Soup version 0.17.1-1-g73c8601 (webtiles) character file.

1443 Blunderbuss the Covered (level 8, 0/48 HPs)
             Began as a Tengu Fighter on Jan 8, 2016.
             Was an Initiate of Gozag.
             Slain by a giant frog (6 damage)
             ... on level 7 of the Dungeon.
             The game lasted 00:26:27 (6044 turns).

Blunderbuss the Covered (Tengu Fighter)             Turns: 6044, Time: 00:26:27

Health: 0/48       AC: 11    Str: 18    XL:     8   Next: 74%
Magic:  9/9        EV: 10    Int:  9    God:    Gozag
Gold:   595        SH: 10    Dex: 14    Spells: 0 memorised, 7 levels left

rFire  + . .     SeeInvis .     a - +4 long sword
rCold  + . .     Clarity  .     b - +0 scale mail
rNeg   . . .     SustAt   .     c - +0 shield
rPois  +         Gourm    .     (helmet restricted)
rElec  +         Spirit   .     (no cloak)
rCorr  +         Warding  .     e - +2 pair of gloves
rMut   .         Stasis   .     (boots unavailable)
MR     .....                    (no amulet)
Stlth  +.........               (no ring)
                                m - ring of stealth

@: resistant, marked, not resistant to hostile enchantments, very unstealthy
A: beak, talons 3, able to fly 1
a: Fly, Potion Petition, Call Merchant, Bribe Branch, Renounce Religion


You were on level 7 of the Dungeon.
You worshipped Gozag.
Gozag was noncommittal.
You were very full.

You visited 2 branches of the dungeon, and saw 8 of its levels.
You also visited: Sewer.

You collected 669 gold pieces.
You paid 74 gold pieces to Gozag.

Inventory:

Hand Weapons
 a - a +4 long sword (weapon)
Armour
 b - a +0 scale mail (worn)
 c - a +0 shield (worn)
 e - a +2 pair of gloves (worn)
 t - a +0 leather armour of cold resistance
Magical Staves
 j - an uncursed staff of death {unknown}
Jewellery
 d - an uncursed amulet of the gourmand {unknown}
 f - a cursed amulet of inaccuracy {unknown}
 i - a cursed ring of teleportation
 m - a ring of stealth (left hand)
Wands
 h - a wand of magic darts (0)
 k - a wand of draining (0)
 o - a wand of disintegration (0)
Comestibles
 l - 3 bread rations


   Skills:
 + Level 4.8 Fighting
 + Level 4.9 Long Blades
 + Level 6.8 Armour
 + Level 4.9 Dodging
 + Level 1.5 Stealth
 + Level 5.6 Shields
 + Level 1.0 Evocations


You had 7 spell levels left.
You didn't know any spells.

Dungeon Overview and Level Annotations

Branches:
Dungeon (7/15)             Temple (1/1) D:5

Altars:
Ashenzari
Cheibriados
Dithmenos
Fedhas
Gozag
Kikubaaqudgha
Ru
Vehumet
Xom
Yredelemnul
Zin

Annotations:
D:7 Menkaure


Innate Abilities, Weirdness & Mutations

You have a beak for a mouth.
You have claws for feet.
You can fly.


Message History

* * * LOW HITPOINT WARNING * * *
The ice beast convulses!
You aren't carrying any spellbooks or scrolls.
Drink which item? (? for menu, Esc to quit)
You feel protected. The giant frog hits you.
* * * LOW HITPOINT WARNING * * *
The giant frog barely misses you. The giant frog closely misses you.
The alarm trap emits a blaring wail!
A sentinel's mark forms upon you.
Something shouts, "Run away, thou foppish moldwarp bounder!"
You hear a croak. x2
You block the giant frog's attack.
The giant frog hits you but does no damage.
You block the giant frog's attack.
An orc comes into view. It is wielding a flail.
The giant frog hits you.
You die...
Your body crumbles into a pile of gold.

......# ........# $
.........## ...........#
a...........# ###..
.............#####......
.........)..#.MF@...o..#
............Y..F.#######
.............#####
...........###
...........#
...........# ##
#.........## ..#
####......# ..# ###....#
#.#


You could see an ice beast, Menkaure, 2 giant frogs and an orc.

Vanquished Creatures
  2 centaurs
  An ogre (D:4)
  A phantom (D:5)
  4 giant frogs
  2 hounds
  A giant frog zombie (D:5)
  A quasit (D:5)
  Natasha (twice) (D:3)
  4 orc priests
  6 orc wizards
  3 worker ants
  A worker ant zombie (D:6)
  15 adders
  3 gnolls
  A shadow imp (D:5)
  4 worms
  An adder skeleton (D:5)
  8 giant geckos
  17 orcs
  6 ball pythons
  6 giant cockroaches
  9 goblins
  10 hobgoblins
  18 jackals
  A quokka (D:3)
  5 bats
  A giant gecko skeleton (D:4)
  8 giant newts
  A jackal skeleton (D:3)
  5 kobolds
  A quokka skeleton (D:5)
  6 rats
154 creatures vanquished.

Vanquished Creatures (others)
  A hobgoblin (D:1)
1 creature vanquished.

Grand Total: 155 creatures vanquished

Notes
Turn   | Place    | Note
--------------------------------------------------------------
     0 | D:1      | Blunderbuss the Tengu Fighter began the quest for the Orb.
     0 | D:1      | Reached XP level 1. HP: 14/14 MP: 2/2
   129 | D:1      | Reached XP level 2. HP: 16/19 MP: 3/3
   620 | D:1      | Reached XP level 3. HP: 18/23 MP: 4/4
   810 | D:2      | Reached XP level 4. HP: 19/29 MP: 5/5
   872 | D:2      | Reached skill level 1 in Dodging
   943 | D:2      | Reached skill level 4 in Armour
  1028 | D:2      | Found a shimmering altar of Xom.
  1031 | D:2      | Found a snail-covered altar of Cheibriados.
  1072 | D:3      | Found a shattered altar of Ashenzari.
  1175 | D:3      | Gained mutation: You can fly. [Tengu growth]
  1175 | D:3      | Reached XP level 5. HP: 25/33 MP: 6/6
  1371 | D:3      | Noticed Natasha
  1474 | D:4      | Reached XP level 6. HP: 17/38 MP: 7/7
  2217 | D:4      | Noticed an ogre
  2336 | D:5      | Entered Level 5 of the Dungeon
  2488 | D:5      | Found a shadowy altar of Dithmenos.
  2715 | D:5      | Reached skill level 5 in Armour
  2715 | D:5      | Reached XP level 7. HP: 21/44 MP: 8/8
  2740 | D:5      | Found a glowing drain.
  2875 | Sewer    | Entered a sewer
  3741 | D:5      | Found a staircase to the Ecumenical Temple.
  3750 | Temple   | Entered the Ecumenical Temple
  3784 | Temple   | Became a worshipper of Gozag Ym Sagoz the Greedy
  4015 | D:4      | Killed an ogre
  4015 | D:4      | Reached skill level 6 in Armour
  4015 | D:4      | Reached XP level 8. HP: 22/48 MP: 9/9
  4271 | D:3      | Killed Natasha
  4304 | D:3      | Reached skill level 5 in Shields
  4368 | D:3      | Reached skill level 1 in Evocations
  4436 | D:3      | Noticed Natasha
  4447 | D:3      | Killed Natasha
  4955 | D:6      | Found a radiant altar of Vehumet.
  4997 | D:6      | Reached skill level 1 in Stealth
  5075 | D:6      | Found a basalt altar of Yredelemnul.
  6013 | D:7      | Noticed Menkaure
  6044 | D:7      | Slain by a giant frog

Action                   |  1- 3 |  4- 6 |  7- 9 || total
-------------------------+-------+-------+-------++-------
Melee: Long sword        |    83 |   169 |   251 ||   503
 Abil: Fly               |       |       |    10 ||    10
Evoke: Wand              |       |     8 |     8 ||    16
  Use: Scroll            |     2 |     4 |    14 ||    20
       Potion            |       |     7 |     4 ||    11
 Stab: Distracted        |       |       |     2 ||     2
       Sleeping          |       |       |     2 ||     2
  Eat: Bread ration      |       |     1 |     2 ||     3
       Pizza             |       |     1 |       ||     1
       Royal jelly       |       |       |     1 ||     1
       Meat ration       |       |       |     2 ||     2
